[Event "Jiraskuv memorial B"]
[Site "Rakovnik"]
[Date "2011.08.12"]
[Round "8"]
[White "Arvanitakis, Panagiotis"]
[Black "Mleziva, Miloslav"]
[Result "0-1"]
[ECO "A00"]
[WhiteElo "1497"]
[BlackElo "1695"]
[PlyCount "142"]
[EventDate "2011.08.??"]
[EventType "swiss"]
[EventRounds "9"]
[EventCountry "CZE"]
[TimeControl "40/7200:20/3600:1800"]

{16MB, Fritz8.ctg, SACHY-67D9C7985} 1. c3 e5 2. a3 Nf6 3. b4 Be7 4. d4 exd4 5.
cxd4 d5 6. Bb2 O-O 7. g3 a5 8. b5 c6 9. bxc6 Nxc6 10. Bg2 Qb6 11. Bc3 Bf5 12.
e3 Qa6 13. Bf1 Qb6 14. Bg2 Rac8 15. Ne2 Qa6 16. O-O Bxb1 17. Rxb1 Bxa3 18. Qb3
Bb4 19. Bxb4 Nxb4 20. Nf4 Rfd8 21. Ra1 Rc4 22. Rfb1 Ne4 23. Bf1 Nd2 24. Bxc4
Nxb3 25. Bxa6 Nxa1 26. Rxa1 bxa6 27. Rxa5 Kf8 28. g4 g5 29. Ne2 Rc8 30. f3 Rc2
31. Kf2 Ke7 32. e4 Ra2 33. Rxa2 Nxa2 34. Ke3 Ke6 35. Kd3 Nb4+ 36. Kc3 a5 37.
Kb3 f6 38. Ka4 dxe4 39. fxe4 Nd3 40. Kxa5 Nf2 41. Ng3 Nxg4 42. Kb6 Nxh2 43. Kc7
Ng4 44. d5+ Kf7 45. d6 Ne5 46. d7 Nxd7 47. Kxd7 h6 48. Kd6 g4 49. Kd7 Kg6 50.
Ke6 h5 51. Nf5 Kg5 52. Ne3 h4 53. Nxg4 Kxg4 54. Kxf6 h3 55. e5 h2 56. e6 h1=Q
57. e7 Qf3+ 58. Ke6 Qf5+ 59. Kd6 Qc8 60. Ke5 Qe8 61. Kf6 Kf3 62. Ke6 Ke4 63.
Kd6 Kf5 64. Kc7 Qxe7+ 65. Kc8 Qe2 66. Kc7 Qd2 67. Kc8 Ke6 68. Kc7 Qd3 69. Kc8
Ke7 70. Kc7 Qd2 71. Kc8 Qd6 0-1

[Event "Jiraskuv memorial B"]
[Site "Rakovnik"]
[Date "2011.08.13"]
[Round "9"]
[White "Pokorny, Tomas"]
[Black "Cizkovsky, Ota"]
[Result "1-0"]
[ECO "D30"]
[WhiteElo "1703"]
[BlackElo "1694"]
[PlyCount "47"]
[EventDate "2011.08.??"]
[EventType "swiss"]
[EventRounds "9"]
[EventCountry "CZE"]
[TimeControl "180"]

{24MB, Fritz8.ctg, sach1} 1. d4 d5 2. c4 e6 3. Nf3 h6 4. e3
Nf6 5. Bd3 c5 6. O-O cxd4 7. Nxd4 Nc6 8. Nxc6 bxc6 9. Nc3 Bd6 10. Bd2 O-O 11.
Rc1 Bb7 12. cxd5 cxd5 13. Nb5 Bb8 14. Qe1 Qd7 15. Ba5 Ba6 16. Qe2 Bxb5 17. Bxb5
Qd6 18. g3 Bc7 19. Rxc7 Qe5 20. Rfc1 Ne4 21. Bd3 Qg5 22. f3 Nf6 23. f4 Qg4 24.
Kg2 1-0

[Event "Jiraskuv memorial B"]
[Site "Rakovnik"]
[Date "2011.08.13"]
[Round "9"]
[White "Pribylova, Sofie"]
[Black "Sebek, Pavel"]
[Result "0-1"]
[ECO "B30"]
[WhiteElo "1250"]
[BlackElo "1679"]
[PlyCount "84"]
[EventDate "2011.08.??"]
[EventType "swiss"]
[EventRounds "9"]
[EventCountry "CZE"]
[TimeControl "180"]

{24MB, Fritz8.ctg, sach1} 1. e4 c5 2. Nf3 Nc6 3. Nc3 e6 4. Bc4 d6 5. d4 cxd4 6.
Nxd4 a6 7. O-O Ne5 8. Bb3 b5 9. a4 Bb7 10. Be3 b4 11. Nce2 Bxe4 12. a5 Nf6 13.
Ba4+ Nfd7 14. Bf4 Be7 15. Bxe5 dxe5 16. Nc6 Bxc6 17. Bxc6 Ra7 18. Ng3 O-O 19.
Qd2 Qc7 20. Ba4 Rd8 21. Rad1 Nf6 22. Qe2 Qxa5 23. b3 Qc7 24. Rd2 Nd5 25. Qg4
Nf4 26. Rxd8+ Bxd8 27. Re1 Qb7 28. f3 Bf6 29. Ne4 Ng6 30. Nxf6+ gxf6 31. Rd1
Qe7 32. Qc4 Rc7 33. Qxa6 Rxc2 34. Qa8+ Kg7 35. Qe4 Qc5+ 36. Kh1 Nf4 37. h3 Rxg2
38. Qe1 Qc2 39. Qf1 Rh2+ 40. Kg1 Nxh3+ 41. Qxh3 Rxh3 42. Rf1 Qh2# 0-1